 Dungeon Crawl Stone Soup version 0.22.1-2-g9c5b331 (webtiles) character file.

141246 spiff the Stormcaller (level 16, -16/146 HPs)
             Began as a Black Draconian Venom Mage on Nov 28, 2018.
             Was a High Priest of Vehumet.
             Engulfed by a cloud of freezing vapour (27 damage)
             ... on level 3 of the Swamp on Nov 30, 2018.
             The game lasted 02:02:53 (40449 turns).

spiff the Stormcaller (Black Draconian Venom Mage) Turns: 40449, Time: 02:02:53

Health: -16/146    AC: 21    Str: 16    XL:     16   Next: 77%
Magic:  25/30      EV: 23    Int: 20    God:    Vehumet [*****.]
Gold:   2022       SH:  0    Dex: 19    Spells: 20/35 levels left

rFire    . . .     SeeInvis +   b - +10 flail "Atzit" {crush, *Slow MR+ Str+4 Dex+6}
rCold    . . .     Gourm    .   (no shield)
rNeg     . . .     Faith    .   (armour unavailable)
rPois    .         Spirit   .   T - +0 mask of the Dragon {MR+ Slay+3 SInv}
rElec    +         Reflect  .   A - +2 cloak {+Inv}
rCorr    .         Harm     .   D - +1 pair of gloves
MR       +++..                  B - +2 pair of boots
Stlth    ++........             (no amulet)
HPRegen  0.34/turn              P - +4 ring of protection
MPRegen  0.22/turn              G - ring of wizardry

@: flying, slowed, very slow
A: breathe lightning, unfitting armour, big wings, electricity resistance,
cold-blooded, AC +9
a: Breathe Lightning, Stop Flying, Renounce Religion, Evoke Invisibility


You were on level 3 of the Swamp.
You worshipped Vehumet.
Vehumet was extremely pleased with you.
You were not hungry.

You visited 5 branches of the dungeon, and saw 28 of its levels.
You also visited: Bailey.

You collected 3189 gold pieces.
You spent 1167 gold pieces at shops.

Inventory:

Hand Weapons
 a - the +5 quarterstaff "Dragonbane" {crush, rC+++ MR- MP+9 Str+2}
   (You found it on level 14 of the Dungeon)

   It inflicts extra damage upon your enemies.
   It affects your strength (+2).
   It renders you almost immune to cold.
   It affects your resistance to hostile enchantments.
   It affects your magic capacity (+9).
 b - the +10 flail "Atzit" (weapon) {crush, *Slow MR+ Str+4 Dex+6}
   (You bought it in a shop on level 5 of the Dungeon)

   It inflicts extra damage upon your enemies.
   It affects your strength (+4).
   It affects your dexterity (+6).
   It affects your resistance to hostile enchantments.
   It may slow you when you take damage.
Missiles
 X - 6 throwing nets (quivered)
Armour
 h - the +3 buckler of Happiness {rPois rF- rN+ Int+3}
   (You acquired it on level 13 of the Dungeon)

   It affects your intelligence (+3).
   It makes you vulnerable to fire.
   It protects you from poison.
   It protects you from negative energy.
 u - a +2 cloak
 A - a +2 cloak of invisibility (worn)
 B - a +2 pair of boots (worn)
 D - a +1 pair of gloves (worn)
 T - the +0 mask of the Dragon (worn) {MR+ Slay+3 SInv}
   (You bought it in a shop on level 2 of the Orcish Mines)

   It affects your accuracy and damage with ranged weapons and melee attacks
   (+3).
   It affects your resistance to hostile enchantments.
   It lets you see invisible.
Magical Staves
 j - an uncursed staff of air
Jewellery
 G - a ring of wizardry (right hand)
 J - an uncursed ring of ice
 L - an uncursed ring of protection from fire
 P - a +4 ring of protection (left hand)
Wands
 m - a wand of polymorph (24)
 q - a wand of random effects (24)
 C - a wand of disintegration (32)
 F - a wand of scattershot (4)
 K - a wand of digging (10)
 Q - a wand of paralysis (12)
 R - a wand of enslavement (46)
 S - a wand of acid (10)
 Y - a wand of iceblast (16)
 Z - a wand of flame (71)
Scrolls
 c - 3 scrolls of remove curse
 g - 2 scrolls of blinking
 k - a scroll of torment
 l - 9 scrolls of teleportation
 n - 4 scrolls of enchant weapon
 p - 3 scrolls of immolation
 v - 4 scrolls of fog
 y - 4 scrolls of amnesia
 z - 2 scrolls of noise {unknown}
 H - a scroll of silence
 I - a scroll of magic mapping
 N - 4 scrolls of identify
 U - 2 scrolls of summoning
 W - a scroll of holy word
Potions
 e - 6 potions of lignification
 f - 2 potions of berserk rage {unknown}
 i - 4 potions of cancellation
 o - 6 potions of curing
 r - 2 potions of haste
 s - 4 potions of agility
 x - 4 potions of resistance
 E - 5 potions of might
 M - 7 potions of brilliance
Miscellaneous
 t - a lamp of fire
 O - 2 boxes of beasts
Comestibles
 w - 46 rations


   Skills:
 + Level 14.1 Fighting
 + Level 5.8 Staves
 + Level 13.0 Dodging
 - Level 1.7 Stealth
 - Level 4.0 Shields
 + Level 10.4 Spellcasting
 - Level 10.0 Conjurations
 - Level 10.0 Ice Magic
 - Level 15.0 Air Magic
 - Level 6.0 Poison Magic
 - Level 5.0 Evocations


You had 20 spell levels left.
You knew the following spells:

 Your Spells              Type           Power        Failure   Level  Hunger
b - Poisonous Vapours     Pois/Air       ######       1%          2    None
c - Mephitic Cloud        Conj/Pois/Air  ######..     1%          3    None
d - Airstrike             Air            ######....   1%          4    ##.....
e - Freezing Cloud        Conj/Ice/Air   ######....   1%          6    ######.

Your spell library contained the following spells:

 Spells                   Type           Power        Failure   Level  Hunger
 Poison Arrow             Conj/Pois      #####.....   4%          6    ######.
 Magic Dart               Conj           ####         1%          1    None
 Sting                    Conj/Pois      ####         1%          1    None
 Conjure Flame            Conj/Fire      ####....     1%          3    None
 Olgreb's Toxic Radiance  Pois           ####....     1%          4    ##.....
 Venom Bolt               Conj/Pois      #####.....   1%          5    ####...
 Animate Skeleton         Necr           N/A          2%          1    None
 Confusing Touch          Hex            ##....       2%          1    None
 Pain                     Necr           ##..         2%          1    None
 Blink                    Tloc           N/A          4%          2    None
 Call Imp                 Summ           ##......     4%          2    None
 Slow                     Hex            ##......     4%          2    None
 Confuse                  Hex            ##......     9%          3    None
 Gell's Gravitas          Tloc           ##........   9%          3    None
 Regeneration             Chrm/Necr      ##........   9%          3    None
 Vampiric Draining        Necr           ##........   9%          3    None
 Metabolic Englaciation   Hex/Ice        ####......   10%         5    ####...
 Yara's Violent Unravell  Hex/Tmut       ##........   19%         5    ####...
 Animate Dead             Necr           N/A          26%         4    ##.....
 Petrify                  Tmut/Erth      ##......     26%         4    ##.....
 Ring of Flames           Chrm/Fire      ##........   100%        7    #######


Dungeon Overview and Level Annotations

Branches:
Dungeon (15/15)            Temple (1/1) D:4            Lair (6/6) D:9
  Swamp (4/4) Lair:2        Snake (0/4) Lair:2        Slime (0/5) Lair:6
    Orc (2/2) D:9             Elf (0/3) Orc:2        Vaults (0/5) D:14
 Depths (0/5) D:15

Altars:
Ashenzari
Cheibriados
Dithmenos
Elyvilon
Fedhas
Gozag
Hepliaklqana
Kikubaaqudgha
Makhleb
Nemelex Xobeh
Okawaru
Qazlal
Ru
Sif Muna
Trog
Uskayaw
Vehumet
Wu Jian
Xom
Yredelemnul
Zin
The Shining One
Beogh

Shops:
D:5 ?((   D:11 =   D:13 :   Orc:2 (=[[*

Annotations:
D:7 exclusion: downstairs, Menkaure
D:8 Erica
Orc:2 exclusion: upstairs


Innate Abilities, Weirdness & Mutations

You can breathe wild blasts of lightning.
Your glossy black scales are hard. (AC +9)
You cannot fit into any form of body armour.
Your large and strong wings let you fly indefinitely.
You are resistant to electric shocks. (rElec)
You are cold-blooded and may be slowed by cold attacks.


Message History

Press: ? - help, Dir - move target cursor, f/p - swamp dragon
Aim: a swamp dragon (freezing vapour, heavily wounded)
The air twists around and violently strikes the swamp dragon!
The swamp dragon is almost dead.
You are engulfed in freezing vapours.
You feel as though you will be slow longer.
* * * LOW HITPOINT WARNING * * *
The swamp dragon is engulfed in freezing vapours.
You kill the swamp dragon!
Vehumet accepts your kill.
You feel your power returning.
You are engulfed in freezing vapours.
You feel as though you will be slow longer.
* * * LOW HITPOINT WARNING * * *
You feel much better.
You are engulfed in freezing vapours.
You feel as though you will be slow longer.
* * * LOW HITPOINT WARNING * * *
You are engulfed in freezing vapours.
You feel as though you will be slow longer.
You die...

♣ ♣≈≈≈..≈≈..♣
♣≈♣≈.≈≈...♣
♣....♣≈≈≈.♣♣
♣§≈≈..≈≈>..♣
♣≈≈≈...≈≈♣.♣
♣♣≈≈≈..≈.♣♣.♣♣
♣..♣...♣♣♣♣♣.♣
♣♣.§≈≈♣♣ ♣§♣♣♣
♣≈≈≈.♣ ♣§@§♣
♣.≈≈.♣ ♣♣§♣♣
♣.≈≈.♣ ♣♣♣
♣....♣ ♣♣.♣♣♣
♣♣♣


There were no monsters in sight!

Vanquished Creatures
  A thorn hunter (Swamp:2)
  3 orc warlords
  A very ugly thing (Swamp:3)
  A stone giant (Orc:1)
  Nessos (D:13)
  The ghost of bmj180 the Carver, a journeyman MiMo of Wu Jian (D:13)
  Snorg (Orc:2)
  A yaktaur captain (D:15)
  12 hydras
  Harold (Lair:2)
  3 catoblepae (Lair:6)
  A hydra (shapeshifter) (D:15)
  4 vault guards (D:14)
  A ghost crab (Swamp:2)
  4 two-headed ogres
  5 centaur warriors
  8 alligators
  9 death yaks (Lair:6)
  2 orc high priests (Orc:2)
  A fire crab (D:10)
  A shadow wraith (D:10)
  2 unseen horrors
  A spriggan druid (Swamp:4)
  3 swamp dragons
  A wizard (D:14)
  2 lindwurms
  A shambling mangrove (Swamp:3)
  7 orc knights
  13 ugly things
  3 manticores
  A wolf spider zombie (D:14)
  5 orc sorcerers
  5 cyclopes
  4 oklob plants
  3 deep elf magi (D:10)
  A moth of wrath (D:2)
  5 elephants (Lair:6)
  2 centaur zombies (D:11)
  6 black mambas
  2 gargoyles
  A torpor snail (Lair:4)
  12 spiny frogs
  4 komodo dragons
  10 rime drakes
  A yaktaur (D:15)
  An efreet (D:15)
  A troll (shapeshifter) (D:15)
  A wind drake (shapeshifter) (D:15)
  14 trolls
  3 polar bears
  4 tyrant leeches
  14 blink frogs
  10 bog bodies
  6 hornets
  Prince Ribbit (D:6)
  18 slime creatures
  2 meliai zombies (D:14)
  10 hippogriffs
  2 shadows
  3 wyverns
  A human (D:10)
  9 spriggans
  55 yaks
  A basilisk (Lair:5)
  Eustachio (D:4)
  5 hungry ghosts
  9 steam dragons
  7 vampire mosquitoes
  5 wargs (Orc:2)
  17 swamp worms
  9 water moccasins
  4 acid dragons
  Duvessa (D:7)
  8 porcupines
  2 swamp drakes (Swamp:4)
  An ice beast (D:11)
  5 sky beasts
  35 orc warriors
  2 black bears
  3 necrophages
  2 eyes of draining (D:13)
  13 ogres
  13 wolves
  9 centaurs
  13 crocodiles
  A big kobold (D:10)
  17 bullfrogs
  7 jellies
  2 wyvern skeletons
  Dowan (D:7)
  2 scorpions
  6 killer bees (D:10)
  5 wights
  3 electric eels (Lair:2)
  4 howler monkeys (D:9)
  13 crimson imps
  4 bullfrog zombies
  19 orc priests
  6 hounds
  Crazy Yiuf (D:4)
  5 bullfrog skeletons
  9 centaur skeletons
  5 iguanas
  26 orc wizards
  15 worker ants
  A hound zombie (D:10)
  A hound skeleton (D:9)
  A worker ant zombie (D:5)
  A howler monkey skeleton (D:10)
  12 adders
  3 shadow imps
  3 oozes (Lair:6)
  An adder zombie (D:8)
  An adder skeleton (D:4)
  4 worms (D:2)
  2 dart slugs
  5 leopard geckos
  83 orcs
  4 giant cockroaches
  23 goblins
  9 hobgoblins
  13 jackals
  23 kobolds
  4 quokkas
  2 ball pythons
  6 bats
  5 frilled lizards
  A leopard gecko skeleton (D:4)
  2 quokka skeletons (D:7)
  9 rats
  5 briar patches (Swamp:2)
  7 fungi
  9 plants
868 creatures vanquished.

Vanquished Creatures (collateral kills)
  A killer bee (D:10)
1 creature vanquished.

Vanquished Creatures (others)
  A hydra (Lair:6)
  A komodo dragon (Lair:6)
  A polar bear (Lair:6)
  A briar patch (Swamp:2)
  2 bushes (D:9)
  21 fungi
  25 plants
52 creatures vanquished.

Grand Total: 921 creatures vanquished

Notes
Turn   | Place    | Note
-------+----------+-------------------------------------------
     0 | D:1      | spiff the Draconian Venom Mage began the quest for the Orb.
     0 | D:1      | Reached XP level 1. HP: 14/14 MP: 3/3
   232 | D:1      | Reached XP level 2. HP: 20/20 MP: 1/5
   255 | D:1      | Learned a level 2 spell: Poisonous Vapours
   976 | D:2      | Noticed a bullfrog
   992 | D:2      | Killed a bullfrog
   992 | D:2      | Reached XP level 3. HP: 3/26 MP: 1/7
   992 | D:2      | Reached XP level 4. HP: 4/33 MP: 1/8
  1386 | D:2      | Learned a level 3 spell: Mephitic Cloud
  2165 | D:2      | Noticed a moth of wrath
  2168 | D:2      | Found a bloodstained altar of Trog.
  2212 | D:2      | Killed a moth of wrath
  2212 | D:2      | Reached skill level 5 in Poison Magic
  2212 | D:2      | Reached XP level 5. HP: 38/38 MP: 0/11
  2212 | D:2      | Reached XP level 6. HP: 45/45 MP: 0/12
  3225 | D:3      | Your scales start taking on a glossy black colour.
  3225 | D:3      | Reached XP level 7. HP: 50/50 MP: 8/13
  3225 | D:3      | Gained mutation: You are resistant to electric shocks.
                  | (rElec) [Black Draconian growth]
  3790 | D:4      | Reached skill level 1 in Air Magic
  4218 | D:4      | Found a staircase to the Ecumenical Temple.
  4224 | D:4      | Noticed Eustachio
  4255 | D:4      | Reached skill level 2 in Air Magic
  4302 | Temple   | Entered the Ecumenical Temple
  5157 | D:4      | Killed Eustachio
  5157 | D:4      | Reached skill level 5 in Spellcasting
  5157 | D:4      | Reached skill level 5 in Conjurations
  5157 | D:4      | Reached skill level 3 in Air Magic
  5157 | D:4      | Reached XP level 8. HP: 57/57 MP: 1/15
  5395 | D:4      | Found a runed door.
  5399 | D:4      | Noticed Crazy Yiuf
  5421 | D:4      | Killed Crazy Yiuf
  5552 | D:5      | Entered Level 5 of the Dungeon
  5774 | D:5      | Reached skill level 4 in Air Magic
  6042 | D:5      | Found Hoju's Weapon Shop.
  6116 | D:5      | Found Kahoa's Antique Weapon Boutique.
  6278 | D:5      | Bought a transparent flail for 229 gold pieces
  6278 | D:5      | Identified the +10 flail "Atzit" {crush, *Slow MR+ Str+4
                  | Dex+6} (You bought it in a shop on level 5 of the Dungeon)
  6302 | D:5      | Reached skill level 1 in Fighting
  6799 | D:5      | Found Lotet's Magic Scroll Emporium.
  6997 | D:6      | Reached skill level 5 in Air Magic
  7024 | D:6      | Noticed Prince Ribbit
  7033 | D:6      | Killed Prince Ribbit
  7033 | D:6      | Reached skill level 1 in Shields
  7173 | D:6      | Found a glowing golden altar of the Shining One.
  7474 | D:7      | Noticed Menkaure
  7819 | D:7      | Reached XP level 9. HP: 71/71 MP: 6/16
  8484 | D:7      | Noticed Duvessa
  8484 | D:7      | Noticed Dowan
  8494 | D:7      | Killed Dowan
  8510 | D:7      | Killed Duvessa
  8832 | D:8      | Reached skill level 5 in Fighting
  9256 | D:8      | Reached skill level 5 in Dodging
  9731 | D:8      | Reached skill level 6 in Air Magic
  9801 | D:8      | Noticed Erica
  9916 | D:9      | Found a sacrificial altar of Ru.
  9926 | D:9      | Found a flagged portal.
  9982 | Bailey   | Entered a bailey
  9987 | Bailey   | Noticed an orc warlord
 10213 | Bailey   | Noticed an orc knight
 10227 | Bailey   | Killed an orc knight
 10227 | Bailey   | Reached skill level 7 in Air Magic
 10227 | Bailey   | Reached XP level 10. HP: 83/83 MP: 4/19
 10377 | Bailey   | Found a runed gate.
 10379 | Bailey   | Found a runed gate.
 10380 | Bailey   | Found a runed gate.
 10615 | Bailey   | Killed an orc warlord
 10615 | Bailey   | Reached skill level 8 in Air Magic
 10786 | Bailey   | Got a faintly glowing flail
 10787 | Bailey   | Identified the +2 flail of Suicidal Tendencies {holy, rElec
                  | rN+++ Int-5 Dex-5} (You found it in a bailey)
 10800 | Bailey   | Reached skill level 11 in Air Magic
 10800 | Bailey   | Reached XP level 11. HP: 89/89 MP: 20/24
 10801 | Bailey   | Reached XP level 12. HP: 104/104 MP: 20/25
 11106 | D:9      | Found a staircase to the Lair.
 11148 | D:9      | Found a staircase to the Orcish Mines.
 11209 | D:9      | Found a radiant altar of Vehumet.
 11217 | D:9      | Became a worshipper of Vehumet
 11927 | D:9      | Reached * piety under Vehumet
 11927 | D:9      | Offered knowledge of Sandblast by Vehumet.
 12332 | D:9      | Found a blossoming altar of Fedhas.
 12378 | D:9      | Reached skill level 12 in Air Magic
 12387 | D:9      | Reached skill level 10 in Spellcasting
 12795 | D:9      | Reached skill level 1 in Evocations
 12928 | Lair:1   | Entered Level 1 of the Lair of Beasts
 13378 | Orc:1    | Entered Level 1 of the Orcish Mines
 13631 | Orc:2    | Entered Level 2 of the Orcish Mines
 13631 | Orc:2    | Found a roughly hewn altar of Beogh.
 13651 | Orc:2    | Reached ** piety under Vehumet
 13722 | Orc:2    | Noticed a two-headed ogre
 13737 | Orc:2    | Killed a two-headed ogre
 13737 | Orc:2    | Offered knowledge of Flame Tongue by Vehumet.
 14284 | Orc:1    | Noticed a stone giant
 14504 | Orc:2    | Found a staircase to the Elven Halls.
 14558 | Orc:2    | Noticed an orc high priest
 14571 | Orc:2    | Killed an orc high priest
 14571 | Orc:2    | Reached skill level 10 in Fighting
 14952 | Orc:2    | Found Zitott's Armour Shoppe.
 14960 | Orc:2    | Bought the +0 mask of the Dragon {MR+ Slay+3 SInv} for 434
                  | gold pieces
 14960 | Orc:2    | Found the +0 mask of the Dragon {MR+ Slay+3 SInv}
 14975 | Orc:2    | Noticed Snorg
 14996 | Orc:2    | Offered knowledge of Throw Frost by Vehumet.
 15057 | Orc:2    | Killed Snorg
 15057 | Orc:2    | Reached XP level 13. HP: 113/113 MP: 0/27
 15201 | Orc:2    | Noticed an orc warlord
 15304 | D:10     | Entered Level 10 of the Dungeon
 15390 | D:10     | Reached *** piety under Vehumet
 15596 | D:10     | Offered knowledge of Airstrike by Vehumet.
 15602 | D:10     | Learned a level 4 spell: Airstrike
 15697 | D:10     | Reached skill level 5 in Evocations
 16247 | D:10     | Found a runed door.
 16530 | D:10     | Reached **** piety under Vehumet
 16532 | D:10     | Reached skill level 10 in Dodging
 17405 | D:11     | Found Cusoc's Jewellery Boutique.
 17424 | D:11     | Learned a level 6 spell: Freezing Cloud
 17557 | D:11     | Reached skill level 1 in Ice Magic
 17775 | D:11     | Offered knowledge of Bolt of Draining by Vehumet.
 18577 | D:12     | Found a burning altar of Makhleb.
 18682 | D:12     | Reached skill level 13 in Air Magic
 19032 | D:12     | Found a shadowy altar of Dithmenos.
 19209 | D:12     | Reached ***** piety under Vehumet
 19724 | Lair:1   | Offered knowledge of Irradiate by Vehumet.
 20218 | Lair:2   | Noticed Harold
 20226 | Lair:2   | Killed Harold
 20839 | Lair:2   | Gained mutation: Your large and strong wings let you fly
                  | indefinitely. [Black Draconian growth]
 20839 | Lair:2   | Reached XP level 14. HP: 121/121 MP: 18/28
 20841 | Lair:2   | Reached skill level 5 in Ice Magic
 21057 | Lair:2   | Found a staircase to the Snake Pit.
 21547 | Lair:2   | Found a staircase to the Swamp.
 22244 | Lair:3   | Reached skill level 14 in Air Magic
 24788 | Lair:6   | Entered Level 6 of the Lair of Beasts
 24940 | Lair:6   | Found a staircase to the Slime Pits.
 24967 | Lair:6   | Reached skill level 15 in Air Magic
 25031 | Lair:6   | Reached skill level 10 in Conjurations
 25815 | Lair:6   | Offered knowledge of Iron Shot by Vehumet.
 27273 | Lair:6   | Reached XP level 15. HP: 129/129 MP: 20/29
 28662 | Orc:2    | Killed an orc warlord
 28993 | Orc:2    | Found a roughly hewn altar of Beogh.
 29053 | Orc:2    | Found Asul's Antique Armour Shoppe.
 29065 | Orc:2    | Found Hysk's General Store.
 29130 | Orc:2    | Found Syapp's Antique Weapon Shoppe.
 29238 | Orc:2    | Found Kieloscha's Jewellery Shoppe.
 29245 | Orc:2    | Bought a +4 ring of protection for 504 gold pieces
 29389 | Orc:2    | Offered knowledge of Spellforged Servitor by Vehumet.
 30010 | D:13     | Noticed Nessos
 30015 | D:13     | Killed Nessos
 30740 | D:13     | Found Kasuxt's Book Emporium.
 30970 | D:13     | Found a runed gate.
 30974 | D:13     | Found an opulent altar of Gozag.
 30990 | D:13     | Identified a scroll of acquirement
 30993 | D:13     | Got a scorched buckler
 31004 | D:13     | Identified the +3 buckler of Happiness {rPois rF- rN+
                  | Int+3} (You acquired it on level 13 of the Dungeon)
 31011 | D:13     | Noticed an orc warlord
 31012 | D:13     | Found a runed gate.
 31012 | D:13     | Found a runed gate.
 31019 | D:13     | Noticed bmj180's ghost (journeyman MiMo)
 31156 | D:13     | Killed an orc warlord
 31159 | D:13     | Killed bmj180's ghost
 31928 | D:14     | Offered knowledge of Conjure Ball Lightning by Vehumet.
 32363 | D:14     | Found a gate to the Vaults.
 32934 | D:14     | Got an ichor-stained quarterstaff
 32935 | D:14     | Identified the +5 quarterstaff "Dragonbane" {crush, rC+++
                  | MR- MP+9 Str+2} (You found it on level 14 of the Dungeon)
 32976 | D:15     | Entered Level 15 of the Dungeon
 33034 | D:15     | Reached skill level 1 in Staves
 33276 | D:15     | Reached XP level 16. HP: 136/141 MP: 30/30
 34466 | D:15     | Found a staircase to the Depths.
 34609 | D:14     | Reached skill level 10 in Ice Magic
 35061 | Swamp:1  | Entered Level 1 of the Swamp
 35080 | Swamp:1  | Paralysed by a hornet for 1 turns
 35679 | Swamp:1  | Offered knowledge of Poison Arrow by Vehumet.
 38272 | Swamp:2  | Noticed a thorn hunter
 38280 | Swamp:2  | Killed a thorn hunter
 38280 | Swamp:2  | Reached skill level 5 in Staves
 40286 | Swamp:4  | Entered Level 4 of the Swamp
 40447 | Swamp:3  | HP: 4/146 [cloud of freezing vapour (27)]
 40449 | Swamp:3  | Engulfed by a cloud of freezing vapour

Skill      XL: |  1  2  3  4  5  6  7  8  9 10 11 12 13 14 15 16 |
---------------+-------------------------------------------------+-----
Conjurations   | 2 4 5 7 10 | 10.0
Spellcasting   | 4 5 6 9 10 | 10.4
Poison Magic   | 5 6 |  6.0
Air Magic      | 3 5 7 11 12 13 15 | 15.0
Dodging        | 3 5 7 8 10 12 13 | 13.0
Fighting       | 4 6 9 10 11 12 14 | 14.1
Shields        | 2 4 |  4.0
Evocations     | 4 5 |  5.0
Ice Magic      | 4 6 9 10 | 10.0
Staves         | 1 5 |  5.8
Stealth        | |  1.7

Action                   |  1- 3 |  4- 6 |  7- 9 | 10-12 | 13-15 | 16-18 || total
-------------------------+-------+-------+-------+-------+-------+-------++-------
Melee: Unarmed           |     2 |     3 |       |       |       |       ||     5
       Spear             |       |    34 |    93 |       |       |       ||   127
       Tailslap          |       |       |    27 |    14 |    96 |    40 ||   177
       Flail             |       |       |    47 |    88 |   494 |    89 ||   718
       Staff             |       |       |   121 |    20 |    33 |       ||   174
       Quarterstaff      |       |       |       |       |    31 |   121 ||   152
 Cast: Sting             |    28 |     7 |     8 |     5 |     2 |       ||    50
       Poisonous Vapours |       |    66 |   176 |   240 |   384 |    79 ||   945
       Mephitic Cloud    |       |       |    12 |    11 |    15 |       ||    38
       Airstrike         |       |       |       |       |   139 |    57 ||   196
       Freezing Cloud    |       |       |       |       |   104 |    44 ||   148
 Abil: Breathe Lightning |       |       |       |     2 |       |       ||     2
       Fly               |       |       |       |       |     1 |       ||     1
Evoke: Wand              |       |       |       |     1 |     6 |     1 ||     8
  Use: Scroll            |       |       |    11 |    16 |    13 |     3 ||    43
       Potion            |       |       |       |     4 |     1 |     4 ||     9
 Stab: Sleeping          |       |       |     2 |       |     4 |     1 ||     7
       Distracted        |       |       |       |     1 |       |     1 ||     2
       Confused          |       |       |       |       |     4 |       ||     4
  Eat: Chunk             |       |    11 |    24 |    16 |    92 |    14 ||   157
       Ration            |       |       |     1 |       |     4 |     8 ||    13
Armor: Skin              |       |    11 |   101 |    22 |   146 |    90 ||   370
Dodge: Dodged            |     7 |    19 |   171 |   100 |   523 |   292 ||  1112
Block: Buckler           |       |       |    35 |    47 |   186 |       ||   268
